 Dungeon Crawl Stone Soup version 0.31-a0-692-gf03d1854d5 (webtiles) character file.

Game seed: 8923480455643527128

102 Essalna the Conjurer (level 4, -11/30 HPs)
             Began as a Demonspawn Conjurer on Sept 7, 2023.
             Mangled by a gnoll
             ... wielding a +0 halberd
              (12 damage)
             ... on level 4 of the Dungeon.
             The game lasted 00:03:01 (2482 turns).

Essalna the Conjurer (Demonspawn Conjurer)          Turns: 2482, Time: 00:03:02

Health: -11/30     AC:  3    Str:  7    XL:     4   Next: 50%
Magic:  3/9        EV: 12    Int: 22    God:
Gold:   112        SH:  0    Dex: 11    Spells: 6/9 levels left

rFire   . . .        h - +0 dagger
rCold   . . .        (no shield)
rNeg    . . .        a - +0 robe
rPois   .            (no helmet)
rElec   .            n - scarf {repulsion}
rCorr   .            (no gloves)
SInv    .            (no boots)
Will    .....        (no amulet)
Stlth   ++           (no ring)
HPRegen 0.25/turn    (no ring)
MPRegen 0.11/turn

%: repel missiles
@: no status effects
A: rugged brown scales 1, foul stench 1, spiny 1
a: no special abilities


You were on level 4 of the Dungeon.
You visited 1 branch of the dungeon, and saw 4 of its levels.

You collected 112 gold pieces.

Inventory:

Hand Weapons
 h - a +0 dagger (weapon)
Armour
 a - a +0 robe (worn)
 n - a scarf of repulsion (worn)
Jewellery
 d - a ring of flight
 j - a +6 ring of strength
Scrolls
 c - 3 scrolls of teleportation {unknown}
 e - 11 scrolls of identify {unknown}
 i - a scroll of revelation {unknown}
 k - 2 scrolls of fog {unknown}
 m - a scroll of vulnerability {unknown}
 o - a scroll of amnesia {unknown}
Potions
 b - a potion of magic
 f - 4 potions of curing {unknown}
 g - a potion of heal wounds {unknown}
 l - a potion of brilliance {unknown}


   Skills:
 - Level 1.7 Dodging
 - Level 1.7 Stealth
 + Level 3.4 Spellcasting
 + Level 5.1 Conjurations


You had 6 spell levels left.
You knew the following spells:

 Your Spells              Type           Power      Damage    Failure   Level
a - Magic Dart            Conj           100%       1d8       1%          1
b - Searing Ray           Conj           52%        2d6       2%          2

Your spell library contained the following spells:

 Spells                   Type           Power      Damage    Failure   Level
 Dazzling Flash           Conj/Hex       30%        N/A       13%         3
 Inner Flame              Hex/Fire       3%         N/A       34%         3
 Fulminant Prism          Conj/Hex       7%         3d6       38%         4
 Iskenderun's Mystic Bla  Conj/Tloc      15%        2d5       38%         4
 Yara's Violent Unravell  Hex/Tmut       1%         3d3       97%         5
 Enfeeble                 Hex            1%         N/A       100%        7


Dungeon Overview and Level Annotations

Branches:
Dungeon (4/15)
 Temple: D:4-7

Altars:

Shops:
D:1 *


Innate Abilities, Weirdness & Mutations

You are partially covered in rugged brown scales. (AC +1, +3% HP)
You may rarely emit foul miasma when damaged in melee.
You are partially covered in sharp spines.


Message History

The hound is struck by your spines. The hound bites you.
The hound closely misses you. The hound completely misses you.
A bullfrog comes into view.
The hound closely misses you.
The bullfrog croaks.
You hear a shout! x2
The hound bites you but does no damage. The hound is struck by your spines.
The hound bites you but does no damage.
A gnoll comes into view. It is wielding a +0 halberd.
The hound bites you but does no damage. The hound is struck by your spines.
The hound closely misses you. The bullfrog misses you.
The hound bites you but does no damage. The bullfrog is struck by your spines.
The bullfrog hits you. The hound bites you.
The bullfrog is struck by your spines. The bullfrog misses you.
The hound is struck by your spines. The hound bites you.
The bullfrog is struck by your spines. The bullfrog misses you.
The hound stops to sniff the ground.
The hound bites you.
* * * LOW HITPOINT WARNING * * *
You emit a cloud of foul miasma!
The bullfrog is struck by your spines. The bullfrog barely misses you.
The hound is engulfed in dark miasma.
The hound is poisoned.
The hound seems to slow down.
You kill the hound!
Your Conjurations skill increases to level 5!
You hear the slow rusting of a distant drain.
The bullfrog hits you but does no damage.
A kobold comes into view. It is wielding a +0 dagger.
The bullfrog releases a deep croak.
The bullfrog is struck by your spines.
The bullfrog hits you but does no damage.
The bullfrog is struck by your spines. The bullfrog completely misses you.
The gnoll barely misses you. The bullfrog is struck by your spines.
The bullfrog hits you!
* * * LOW HITPOINT WARNING * * *
You emit a cloud of foul miasma!
A gnoll comes into view. It is wielding a +1 flail of draining.
A kobold comes into view. It is wielding a +0 short sword.
The gnoll hits you from afar with a +0 halberd!
You die...

... ..gK.. .# . .
......#.# ..
....<...... ...
.....>.#.. ....
.......## .....
#.##g..###......
.###..F§.).........
.......@...#.).....
#..##....#.........
........#.........
##.#..............
# #....####....#.
#...## ##.... .....
###. ...### ..


You could see a bullfrog, 2 gnolls and a kobold (wandering).

Vanquished Creatures
  A hound (D:4)
  A gnoll (D:4)
  2 adders (D:2)
  2 worms
  4 orcs (D:3)
  3 ball pythons
  7 endoplasms
  A giant cockroach (D:2)
  3 goblins
  4 hobgoblins
  A kobold (D:2)
  2 frilled lizards
  2 rats
33 creatures vanquished.

Notes
Turn   | Place    | Note
-------+----------+-------------------------------------------
     0 | D:1      | Essalna the Demonspawn Conjurer began the quest for the
                  | Orb.
     0 | D:1      | Reached XP level 1. HP: 13/13 MP: 3/3
   159 | D:1      | Found a faded altar of an unknown god.
   307 | D:1      | Found Xiotumikis's Assorted Antiques.
   722 | D:2      | Gained mutation: You are partially covered in sharp spines.
                  | [demonic ancestry]
   722 | D:2      | Reached XP level 2. HP: 3/19 MP: 0/5
  1005 | D:2      | Gained mutation: You may rarely emit foul miasma when
                  | damaged in melee. [demonic ancestry]
  1005 | D:2      | Reached XP level 3. HP: 24/24 MP: 1/7
  1302 | D:2      | Learned a level 2 spell: Searing Ray
  2461 | D:4      | Gained mutation: You are partially covered in rugged brown
                  | scales. (AC +1, +3% HP) [demonic ancestry]
  2461 | D:4      | Reached XP level 4. HP: 19/30 MP: 1/8
  2473 | D:4      | Noticed a bullfrog
  2480 | D:4      | Reached skill level 5 in Conjurations
  2482 | D:4      | HP: 1/30 [bullfrog (7)]
  2482 | D:4      | Mangled by a gnoll

Illustrated notes

Levels and vault maps discovered:
D:1:      ldierk_walled_garden_2, layout_loops_ring,
          chequers_ecumenical_altar_twisty, serial_shops,
          nicolae_shop_rolling_square, minmay_misc_feat_pillars
D:2:      layout_loops_ring, feat_on_display
D:3:      layout_rooms
D:4:      layout_rooms, temple_green, portal_sewer_entry_d,
          grunt_decor_arrowhead

Skill      XL: |  1  2  3  4 |
---------------+-------------+-----
Spellcasting   | 3 |  3.4
Conjurations   | 5 |  5.1
Dodging        | |  1.7
Stealth        | |  1.7

Action                     |  1- 3 |  4- 6 || total
---------------------------+-------+-------++-------
  Melee: Dagger            |    24 |       ||    24
         Unarmed           |     7 |       ||     7
   Cast: Magic Dart        |    77 |       ||    77
 Armour: Robe              |    17 |    15 ||    32
  Dodge: Dodged            |    16 |    10 ||    26

Table legend: (Time is in decaauts)
 A = Elapsed time spent in this place.
 B = Non-inter-level travel time spent in this place.
 C = Inter-level travel time spent in this place.
 D = Time resting spent in this place.
 E = Time spent auto-exploring this place.
 F = Levels seen in this place.
 G = Mean time per level.
                   A        B        C        D        E       F      G
               +--------+--------+--------+--------+--------+-----+--------+
         Total |   2480 |   2380 |    100 |      0 |   2136 |   4 |  620.0 |
       Dungeon |   2480 |   2380 |    100 |      0 |   2136 |   4 |  620.0 |
               +--------+--------+--------+--------+--------+-----+--------+

Top non-repeatable levels by time:
     D:2: 1067 daAuts
     D:1: 702 daAuts
     D:3: 607 daAuts
     D:4: 102 daAuts
